 Seeded DCSS version 0.30.0-30-g96aa6591b8 (webtiles) character file.

Game seed: 2437440760762960966 (custom seed)

345 CInkIbrahim the Slasher (level 6, -4/44 HPs)
             Began as a Demonspawn Gladiator on June 28, 2023.
             Slain by Pikel
             ... wielding a +2 whip of flaming
              (10 damage)
             ... on level 4 of the Dungeon.
             The game lasted 00:05:05 (2392 turns).

CInkIbrahim the Slasher (Demonspawn Gladiator)      Turns: 2392, Time: 00:05:06

Health: -4/44      AC:  5    Str: 15    XL:     6   Next: 32%
Magic:  6/6        EV: 12    Int:  9    God:
Gold:   109        SH:  6    Dex: 16    Spells: 5/5 levels left

rFire   . . .        a - +0 long sword
rCold   . . .        (no shield)
rNeg    . . .        p - +0 leather armour
rPois   .            (helmet restricted)
rElec   .            (no cloak)
rCorr   .            g - +1 pair of gloves
SInv    .            (no boots)
Will    .....        (no amulet)
Stlth   +            (no ring)
HPRegen 0.27/turn    (no ring)
MPRegen 0.10/turn

%: no passive effects
@: no status effects
A: horns 1, large bone plates 2, condensation shield
a: no special abilities


You were on level 4 of the Dungeon.
You visited 1 branch of the dungeon, and saw 4 of its levels.

You collected 109 gold pieces.

Inventory:

Hand Weapons
 a - a +0 long sword (weapon)
 b - a +1 dagger of flaming
Missiles
 d - 3 throwing nets (quivered)
 e - a javelin
Armour
 c - a +0 helmet
 g - a +1 pair of gloves (worn)
 k - a +0 buckler
 p - a +0 leather armour (worn)
Wands
 f - a wand of digging (2)
 l - a wand of flame (17)
Scrolls
 i - a scroll of noise
 j - a scroll of enchant armour
 q - a scroll of silence
Potions
 h - a potion of cancellation
 m - a potion of curing


   Skills:
 - Level 2.0 Fighting
 + Level 6.5 Long Blades
 - Level 1.7 Throwing
 - Level 2.6 Dodging


You had 5 spell levels left.
You didn't know any spells.
Your spell library contained the following spells:

 Spells                   Type           Power      Damage    Failure   Level
 Beastly Appendage        Tmut           0%         N/A       45%         1
 Sting                    Tmut/Pois      0%         1d3       45%         1
 Blink                    Tloc           0%         N/A       58%         2
 Lesser Beckoning         Tloc           0%         N/A       58%         2
 Momentum Strike          Conj/Tloc      0%         3d8       58%         2
 Poisonous Vapours        Pois/Air       0%         N/A       58%         2
 Scorch                   Fire           0%         2d5       58%         2
 Wereblood                Tmut           0%         N/A       58%         2
 Spider Form              Tmut/Pois      0%         N/A       83%         3
 Flame Wave               Conj/Fire      0%         2d4       99%         4
 Olgreb's Toxic Radiance  Pois           0%         N/A       99%         4
 Summon Cactus Giant      Summ           0%         N/A       100%        6


Dungeon Overview and Level Annotations

Branches:
Dungeon (4/15)
 Temple: D:4-7

Altars:

Annotations:
D:4 Pikel


Innate Abilities, Weirdness & Mutations

You have a pair of small horns on your head.
You are mostly covered in large bone plates. (SH +6)
A meltable shield of frost defends you. (SH +0)


Message History

You hit Pikel but do no damage. You headbutt Pikel.
Pikel is moderately wounded.
Pikel zaps a wand.
The puff of flame misses you.
You barely miss Pikel. You headbutt Pikel.
Pikel is moderately wounded.
You block Pikel's attack.
You hit Pikel but do no damage.
Pikel is moderately wounded.
Pikel barely misses you. You block Pikel's attack.
You slash Pikel! You headbutt Pikel, but do no damage.
Pikel is severely wounded.
Pikel drinks a potion.
Pikel is healed!
You closely miss Pikel. You headbutt Pikel, but do no damage.
Pikel is moderately wounded.
Pikel hits you with a +2 whip of flaming!
Pikel burns you.
You hit Pikel. Your headbutt misses Pikel.
Pikel is heavily wounded.
Pikel drinks a potion.
Pikel is healed!
You barely miss Pikel.
Pikel is moderately wounded.
Pikel hits you with a +2 whip of flaming.
Pikel burns you.
You miss Pikel. Your headbutt misses Pikel.
Pikel is moderately wounded.
Pikel hits you with a +2 whip of flaming!
Pikel burns you.
You hit Pikel but do no damage.
Pikel is moderately wounded.
Pikel completely misses you.
You barely miss Pikel. Your headbutt misses Pikel.
Pikel is moderately wounded.
Pikel hits you with a +2 whip of flaming!
* * * LOW HITPOINT WARNING * * *
Pikel burns you.
* * * LOW HITPOINT WARNING * * *
You hit Pikel.
Pikel is moderately wounded.
Pikel hits you with a +2 whip of flaming!
You die...

...........##.#
#######........
.............##
#######5####.#
#5# #.# #5# #.#
#5# #.# #K# #.#
#@####.#
#......#
###.####.#
#.....##.#
#.....##.###
#..........+
#......#####
######.# ###
######'###<#


You could see Pikel and 4 lemures.

Vanquished Creatures
  Sigmund (D:3)
  Jessica (D:2)
  Ijyb (D:3)
  3 gnolls (D:3)
  5 adders
  3 dart slugs
  7 ball pythons
  4 bats
  3 endoplasms (D:1)
  10 goblins
  5 hobgoblins
  3 quokkas
  3 frilled lizards
  4 kobolds
  4 rats
57 creatures vanquished.

Notes
Turn   | Place    | Note
-------+----------+-------------------------------------------
     0 | D:1      | CInkIbrahim the Demonspawn Gladiator began the quest for
                  | the Orb.
     0 | D:1      | Reached XP level 1. HP: 16/16 MP: 1/1
    46 | D:1      | Reached skill level 3 in Long Blades
   241 | D:1      | Gained mutation: A meltable shield of frost defends you.
                  | (SH +0) [demonic ancestry]
   241 | D:1      | Reached XP level 2. HP: 21/22 MP: 2/2
   687 | D:2      | Gained mutation: You are partially covered in large bone
                  | plates. (SH +4) [demonic ancestry]
   687 | D:2      | Reached XP level 3. HP: 25/27 MP: 3/3
   705 | D:2      | Noticed Jessica
   713 | D:2      | Killed Jessica
   714 | D:2      | Reached skill level 4 in Long Blades
   791 | D:2      | Gained mutation: You are mostly covered in large bone
                  | plates. (SH +6) [demonic ancestry]
   791 | D:2      | Reached XP level 4. HP: 31/33 MP: 4/4
  1454 | D:3      | Noticed Ijyb
  1601 | D:3      | Killed Ijyb
  1602 | D:3      | Reached skill level 5 in Long Blades
  1867 | D:3      | Noticed Sigmund
  1875 | D:3      | Killed Sigmund
  1876 | D:3      | Reached skill level 6 in Long Blades
  1876 | D:3      | Gained mutation: You have a pair of small horns on your
                  | head. [demonic ancestry]
  1876 | D:3      | Reached XP level 5. HP: 38/38 MP: 5/5
  1876 | D:3      | Reached XP level 6. HP: 44/44 MP: 6/6
  2368 | D:4      | Noticed Pikel
  2392 | D:4      | Slain by Pikel

Illustrated notes

Levels and vault maps discovered:
D:1:      onia_arrival_handbag, layout_loops_ring
D:2:      layout_basic, uniq_jessica
D:3:      layout_basic, serial_glass, glass_columns_a, glass_columns_b,
          uniq_sigmund, uniq_ijyb
D:4:      layout_basic, nemelex_altar_shiori, mainiacjoe_overflow_alcove_1,
          uniq_pikel

Skill      XL: |  1  2  3  4 |
---------------+-------------+-----
Long Blades    | 3 4 6 |  6.5
Fighting       | |  2.0
Throwing       | |  1.7
Dodging        | |  2.6

Action                     |  1- 3 |  4- 6 || total
---------------------------+-------+-------++-------
  Melee: Long sword        |    71 |   120 ||   191
         Punch             |     1 |     2 ||     3
         Dagger            |       |    40 ||    40
         Headbutt          |       |     9 ||     9
  Throw: Dart              |       |     3 ||     3
  Evoke: Wand              |       |     2 ||     2
    Use: Scroll            |       |     7 ||     7
         Potion            |       |     4 ||     4
   Stab: Sleeping          |       |     2 ||     2
 Armour: Leather armour    |    29 |    41 ||    70
  Dodge: Dodged            |    58 |    67 ||   125
  Block: Other             |     9 |    78 ||    87
